 Dungeon Crawl Stone Soup version 0.23.2-40-g277498a001 (webtiles) character file.

Game seed: 15489183853802028672

216 McKennaii the Chopper (level 5, -7/42 HPs)
             Began as a Demonspawn Fighter on Oct 22, 2019.
             Splashed by Ijyb's acid (14 damage)
             ... on level 4 of the Dungeon.
             The game lasted 00:06:45 (2486 turns).

McKennaii the Chopper (Demonspawn Fighter)          Turns: 2486, Time: 00:06:47

Health: -7/42      AC:  5    Str: 17    XL:     5   Next: 61%
Magic:  5/5        EV:  4    Int: 10    God:
Gold:   213        SH:  9    Dex: 12    Spells: 4/4 levels left

rFire    . . .     SeeInvis .   a - +0 war axe
rCold    . . .     Gourm    .   c - +0 shield
rNeg     . . .     Faith    .   i - +0 chain mail
rPois    .         Spirit   .   (helmet restricted)
rElec    .         Reflect  .   (no cloak)
rCorr    .         Harm     .   (no gloves)
MR       .....                  (no boots)
Stlth    ..........             (no amulet)
HPRegen  0.14/turn              (no ring)
MPRegen  0.09/turn              (no ring)

@: corroded
A: horns 2
a: no special abilities


You were on level 4 of the Dungeon.
You were not hungry.

You visited 1 branch of the dungeon, and saw 4 of its levels.
You also visited: Sewer.

You collected 213 gold pieces.

Inventory:

Hand Weapons
 a - a +0 war axe (weapon)
Armour
 c - a +0 shield (worn)
 i - a +0 chain mail (worn)
Wands
 r - a wand of iceblast (19)
Scrolls
 e - a scroll of noise {unknown}
 k - a scroll of amnesia {unknown}
 l - a scroll of magic mapping {unknown}
 p - a scroll of identify {unknown}
 q - a scroll of enchant armour {unknown}
 u - a scroll of remove curse {unknown}
Potions
 b - 3 potions of curing
 d - a potion of might
 g - a potion of mutation {unknown}
 h - a potion of haste {unknown}
 j - a potion of lignification {unknown}
 m - a potion of berserk rage {unknown}
 n - a potion of degeneration {unknown}
 o - a potion of agility {unknown}
 s - a potion of heal wounds {unknown}
 t - 2 potions of flight {unknown}
Comestibles
 f - 5 rations


   Skills:
 * Level 3.8 Fighting
 * Level 4.0 Axes
 * Level 3.3 Armour
 + Level 0.2 Dodging
 + Level 3.2 Shields


You had 4 spell levels left.
You didn't know any spells.
Your spell library was empty.

Dungeon Overview and Level Annotations

Branches:
Dungeon (4/15)
 Temple: D:4-7

Altars:
Ru

Annotations:
D:4 Ijyb


Innate Abilities, Weirdness & Mutations

You have a pair of horns on your head.


Message History

The bolt of acid hits you!
You are splashed with acid!
* * * LOW HITPOINT WARNING * * *
It was a potion of curing.
You feel better.
Okay, then.
Ijyb barely misses you.
You hit Ijyb. You headbutt Ijyb, but do no damage.
Ijyb is lightly wounded.
Ijyb hits you but does no damage.
Your shield and chain mail prevent you from hitting Ijyb.
You headbutt Ijyb.
Ijyb is lightly wounded.
Ijyb barely misses you.
You closely miss Ijyb. You headbutt Ijyb, but do no damage.
Ijyb is lightly wounded.
You block Ijyb's attack.
Ijyb screams, "Die!"
Ijyb zaps a wand.
The bolt of acid hits you.
* * * LOW HITPOINT WARNING * * *
The acid corrodes you!
You are splashed with acid!
You die...

... ... ..... .!...!
......##############.
.............).......
..?...g8........>###
##..##@##......<..$
#.8...8..########.
####.##...........
#8##....######
..###...######..#
..## #...........#
..# #....######.# ...
#.......# ....
#..#.##.#


You could see Ijyb.

Vanquished Creatures
  A big kobold (Sewer)
  A worker ant (D:4)
  3 river rats
  2 adders
  4 dart slugs
  2 leopard geckos (D:1)
  2 orcs (D:3)
  6 bats
  11 goblins
  9 hobgoblins
  5 jackals
  2 frilled lizards (D:1)
  10 kobolds
  8 rats
66 creatures vanquished.

Vanquished Creatures (others)
  A quokka (D:4)
1 creature vanquished.

Grand Total: 67 creatures vanquished

Notes
Turn   | Place    | Note
-------+----------+-------------------------------------------
     0 | D:1      | McKennaii the Demonspawn Fighter began the quest for the
                  | Orb.
     0 | D:1      | Reached XP level 1. HP: 18/18 MP: 1/1
    51 | D:1      | Gained mutation: You have a pair of small horns on your
                  | head. [demonic ancestry]
    51 | D:1      | Reached XP level 2. HP: 24/24 MP: 2/2
   342 | D:1      | Reached skill level 2 in Axes
   576 | D:1      | Reached XP level 3. HP: 24/29 MP: 3/3
  1275 | D:3      | Reached XP level 4. HP: 33/36 MP: 4/4
  1287 | D:3      | Found a sacrificial altar of Ru.
  1430 | D:3      | Found a glowing drain.
  1432 | D:3      | Reached skill level 3 in Axes
  1439 | Sewer    | Entered a sewer
  1727 | Sewer    | Noticed a big kobold
  1743 | Sewer    | Killed a big kobold
  1743 | Sewer    | Gained mutation: You have a pair of horns on your head.
                  | [demonic ancestry]
  1743 | Sewer    | Reached XP level 5. HP: 34/42 MP: 5/5
  1914 | Sewer    | Found a white marble altar of Elyvilon.
  2454 | D:4      | Reached skill level 4 in Axes
  2464 | D:4      | Found Durgh's Assorted Antiques.
  2473 | D:4      | Noticed Ijyb
  2486 | D:4      | Splashed by Ijyb's acid

Skill      XL: |  1  2  3  4  5 |
---------------+----------------+-----
Shields        | 3 |  3.2
Axes           | 2 3 4 |  4.0
Armour         | 3 |  3.3
Fighting       | |  3.8
Dodging        | |  0.2

Action                   |  1- 3 |  4- 6 || total
-------------------------+-------+-------++-------
Melee: War axe           |   121 |    76 ||   197
       Headbutt          |    15 |    20 ||    35
  Use: Scroll            |       |     1 ||     1
       Potion            |       |     1 ||     1
  Eat: Chunk             |       |     5 ||     5
Armor: Scale mail        |     6 |       ||     6
       Chain mail        |    75 |    55 ||   130
Dodge: Dodged            |    28 |    21 ||    49
Block: Shield            |    53 |    56 ||   109
